TOP OF THE 1ST |
San Antonio Missions batting - Pitching for Mobile BayBears : RHP John Capparelli
|
Pitching: RHP John Capparelli
|
|
Batting: RHB Dave McBain
|
0-0: Foul Ball, location: 2F 0-1: Ball 1-1: Called Strike 1-2: Ball 2-2: Reached on error, E4 (Groundball, 4, EV 85.0 MPH)
|
Batting: LHB Matt Patnaude
|
0-0: Called Strike 0-1: Ball Wild Pitch! Dave McBain to second 1-1: Ball 2-1: Ground out U3 (Groundball, 34S, EV 85.0 MPH) Dave McBain to third
|
Batting: RHB Mike Maserang
|
0-0: Called Strike 0-1: Foul Ball, location: 2F 0-2: Ball 1-2: SINGLE (Groundball, 56D, EV 103.1 MPH) Dave McBain scores
|
Batting: RHB John Freeman
|
0-0: Called Strike 0-1: Foul Ball, location: 2F 0-2: Foul Ball, location: 2F 0-2: Foul Ball, location: 2F 0-2: Fly out, F8 (Flyball, 8RD, EV 83.8 MPH)
|
Batting: RHB Jaden Scott
|
0-0: Foul Ball, location: 2F 0-1: Called Strike 0-2: Ball 1-2: Foul Ball, location: 2F 1-2: Foul Ball, location: 2F 1-2: Strikes out swinging
|
Top of the 1st over - 1 run, 1 hit, 1 error, 1 left on base; San Antonio 1 - Mobile 0 |
BOTTOM OF THE 1ST |
Mobile BayBears batting - Pitching for San Antonio Missions : RHP Bill Jacobs
|
Pitching: RHP Bill Jacobs
|
|
Batting: RHB Carlos Ballesteros
|
0-0: Foul Ball, location: 2F 0-1: SINGLE (Groundball, 4MD, EV 95.0 MPH)
|
Batting: LHB Koson Hirai
|
0-0: Called Strike Carlos Ballesteros is caught stealing 2nd base 2-6 0-1: SOLO HOME RUN (Flyball, 89XD, EV 105.0 MPH), Distance : 396 ft
|
Batting: LHB Soo-yeon Kym
|
0-0: Ground out 5-3 (Groundball, 5L, EV 86.2 MPH)
|
Batting: RHB Blake Beale
|
0-0: Swinging Strike 0-1: Ball 1-1: Swinging Strike 1-2: Ball 2-2: Strikes out swinging
|
Bottom of the 1st over - 1 run, 2 hits, 0 errors, 0 left on base; San Antonio 1 - Mobile 1 |
TOP OF THE 2ND |
San Antonio Missions batting - Pitching for Mobile BayBears : RHP John Capparelli
|
Batting: LHB Teko van de Sande
|
0-0: Ball 1-0: Foul Ball, location: 2F 1-1: Ground out 4-3 (Groundball, 4M, EV 83.8 MPH)
|
Batting: RHB Adrian Martinelli
|
0-0: Swinging Strike 0-1: Swinging Strike 0-2: Ball 1-2: Ball 2-2: Strikes out swinging
|
Batting: LHB Josh Slusarczyk
|
0-0: Foul Ball, location: 2F 0-1: Ground out 4-3 (Groundball, 4, EV 79.4 MPH)
|
Top of the 2nd over - 0 runs, 0 hits, 0 errors, 0 left on base; San Antonio 1 - Mobile 1 |
BOTTOM OF THE 2ND |
Mobile BayBears batting - Pitching for San Antonio Missions : RHP Bill Jacobs
|
Batting: RHB Chris Bittner
|
0-0: Called Strike 0-1: Swinging Strike 0-2: Ground out U3 (Groundball, 34, EV 88.1 MPH)
|
Batting: RHB Josh Burrows
|
0-0: Ball 1-0: Foul Ball, location: 2F 1-1: Ball 2-1: Foul Ball, location: 2F 2-2: Ball 3-2: Base on Balls
|
Batting: RHB Jeremy Adams
|
0-0: Ball 1-0: Called Strike 1-1: Grounds into double play, 5-4-3 (Groundball, 56, EV 102.5 MPH)
|
Bottom of the 2nd over - 0 runs, 0 hits, 0 errors, 0 left on base; San Antonio 1 - Mobile 1 |
TOP OF THE 3RD |
San Antonio Missions batting - Pitching for Mobile BayBears : RHP John Capparelli
|
Batting: RHB Roberto Monzon
|
0-0: Ball 1-0: Ball 2-0: Fly out, F8 (Flyball, 89M, EV 87.5 MPH)
|
Batting: RHB Dave McBain
|
0-0: Called Strike 0-1: Ball 1-1: Foul Ball, location: 2F 1-2: Ball 2-2: Ball 3-2: SINGLE (Flyball, 34D, EV 93.1 MPH)
|
Batting: LHB Matt Patnaude
|
0-0: Ball 1-0: Called Strike 1-1: Grounds into double play, 4-6-3 (Groundball, 34, EV 78.8 MPH)
|
Top of the 3rd over - 0 runs, 1 hit, 0 errors, 0 left on base; San Antonio 1 - Mobile 1 |
BOTTOM OF THE 3RD |
Mobile BayBears batting - Pitching for San Antonio Missions : RHP Bill Jacobs
|
Batting: RHB Franklin Villanueva
|
0-0: Ball 1-0: Called Strike 1-1: Foul Ball, location: 2F 1-2: Ground out U3 (Groundball, 34, EV 100.0 MPH)
|
Batting: RHB Curt Barrett
|
0-0: Ball 1-0: Foul Ball, location: 2F 1-1: Ball 2-1: Called Strike 2-2: Ball 3-2: Foul Ball, location: 2F 3-2: Ground out 4-3 (Groundball, 4, EV 98.8 MPH)
|
Batting: RHB Carlos Ballesteros
|
0-0: Called Strike 0-1: Ball 1-1: Ball 2-1: Ball 3-1: Fly out, F7 (Flyball, 7S, EV 95.0 MPH)
|
Bottom of the 3rd over - 0 runs, 0 hits, 0 errors, 0 left on base; San Antonio 1 - Mobile 1 |
TOP OF THE 4TH |
San Antonio Missions batting - Pitching for Mobile BayBears : RHP John Capparelli
|
Batting: RHB Mike Maserang
|
0-0: Called Strike 0-1: Foul Ball, location: 2F 0-2: Strikes out swinging
|
Batting: RHB John Freeman
|
0-0: Ground out 4-3 (Groundball, 34, EV 86.9 MPH)
|
Batting: RHB Jaden Scott
|
0-0: Ball 1-0: Ball 2-0: Ball 3-0: Called Strike 3-1: Called Strike 3-2: Ground out 3-1 (Groundball, 13, EV 91.2 MPH)
|
Top of the 4th over - 0 runs, 0 hits, 0 errors, 0 left on base; San Antonio 1 - Mobile 1 |
BOTTOM OF THE 4TH |
Mobile BayBears batting - Pitching for San Antonio Missions : RHP Bill Jacobs
|
Batting: LHB Koson Hirai
|
0-0: Ball 1-0: Ball 2-0: SINGLE (Line Drive, 34D, EV 100.0 MPH)
|
Batting: LHB Soo-yeon Kym
|
0-0: Ball 1-0: Ball Koson Hirai steals 2nd base 2-0: Ball 3-0: Called Strike 3-1: Base on Balls
|
Batting: RHB Blake Beale
|
0-0: Ball 1-0: Ball 2-0: Grounds into double play, 6-4-3 (Groundball, 56, EV 98.1 MPH) Koson Hirai to third
|
Batting: RHB Chris Bittner
|
0-0: Ball 1-0: Ball 2-0: Ball 3-0: Foul Ball, location: 2F 3-1: Base on Balls
|
Batting: RHB Josh Burrows
|
0-0: Ball 1-0: Called Strike 1-1: Ball 2-1: SINGLE (Flyball, 3D, EV 91.2 MPH) Koson Hirai scores Chris Bittner to second Runner from 2nd tries for 3rd, OUT! 9-5
|
Bottom of the 4th over - 1 run, 2 hits, 0 errors, 1 left on base; San Antonio 1 - Mobile 2 |
TOP OF THE 5TH |
San Antonio Missions batting - Pitching for Mobile BayBears : RHP John Capparelli
|
Batting: LHB Teko van de Sande
|
0-0: Ground out 4-3 (Groundball, 34, EV 89.4 MPH)
|
Batting: RHB Adrian Martinelli
|
0-0: Ball 1-0: Fly out, F9 (Flyball, 9LM, EV 95.0 MPH)
|
Pinch Hitting: RHB Freddie Brown
|
0-0: Called Strike 0-1: Ground out 5-3 (Groundball, 56S, EV 85.0 MPH)
|
Top of the 5th over - 0 runs, 0 hits, 0 errors, 0 left on base; San Antonio 1 - Mobile 2 |
BOTTOM OF THE 5TH |
Mobile BayBears batting - Pitching for San Antonio Missions : RHP Bill Jacobs
|
Now at 1B: Freddie Brown
|
|
Now at 3B: Adrian Martinelli
|
|
Batting: RHB Jeremy Adams
|
0-0: Ground out 6-3 (Groundball, 56, EV 86.2 MPH)
|
Batting: RHB Franklin Villanueva
|
0-0: Called Strike 0-1: Called Strike 0-2: Ball 1-2: SINGLE (Groundball, 56D, EV 98.8 MPH)
|
Batting: RHB Curt Barrett
|
0-0: Called Strike 0-1: Swinging Strike 0-2: Foul Ball, location: 2F 0-2: Ball 1-2: Strikes out looking
|
Batting: RHB Carlos Ballesteros
|
0-0: Ball Franklin Villanueva steals 2nd base 1-0: Ball 2-0: Called Strike 2-1: Ground out 6-3 (Groundball, 6S, EV 86.9 MPH)
|
Bottom of the 5th over - 0 runs, 1 hit, 0 errors, 1 left on base; San Antonio 1 - Mobile 2 |
TOP OF THE 6TH |
San Antonio Missions batting - Pitching for Mobile BayBears : RHP John Capparelli
|
Batting: RHB Roberto Monzon
|
0-0: Called Strike 0-1: Swinging Strike 0-2: Foul Ball, location: 2F 0-2: Foul Ball, location: 2F 0-2: Ball 1-2: Ball 2-2: Strikes out swinging
|
Batting: RHB Dave McBain
|
0-0: Ball 1-0: Called Strike 1-1: Ball 2-1: SINGLE (Groundball, 4MD, EV 93.8 MPH)
|
Batting: LHB Matt Patnaude
|
0-0: Ball Dave McBain steals 2nd base 1-0: Called Strike Dave McBain steals 3rd base (no throw) 1-1: Foul Ball, location: 2F 1-2: Foul Ball, location: 2F 1-2: Foul Ball, location: 2F 1-2: SINGLE (Groundball, 3, EV 98.8 MPH) Dave McBain scores
|
Batting: RHB Mike Maserang
|
0-0: Foul Ball, location: 2F 0-1: Ball 1-1: Ball 2-1: Grounds into double play, 5-4-3 (Groundball, 56S, EV 79.4 MPH)
|
Top of the 6th over - 1 run, 2 hits, 0 errors, 0 left on base; San Antonio 2 - Mobile 2 |
BOTTOM OF THE 6TH |
Mobile BayBears batting - Pitching for San Antonio Missions : RHP Bill Jacobs
|
Batting: LHB Koson Hirai
|
0-0: Called Strike 0-1: Swinging Strike 0-2: Foul Ball, location: 2F 0-2: Fly out, F9 (Flyball, 8RS, EV 90.0 MPH)
|
Batting: LHB Soo-yeon Kym
|
0-0: Called Strike 0-1: Called Strike 0-2: Foul Ball, location: 2F 0-2: Ball 1-2: Foul Ball, location: 2F 1-2: Foul Ball, location: 2F 1-2: SINGLE (Groundball, 6D, EV 108.1 MPH)
|
Batting: RHB Blake Beale
|
0-0: Called Strike 0-1: Ball 1-1: Swinging Strike 1-2: Ball Passed Ball! Soo-yeon Kym to second 2-2: Ball 3-2: Ground out 6-3 (Groundball, 6, EV 88.8 MPH)
|
Batting: RHB Chris Bittner
|
0-0: Called Strike 0-1: Ball Wild Pitch! Soo-yeon Kym to third 1-1: Fly out, F8 (Flyball, 8RM, EV 88.8 MPH)
|
Bottom of the 6th over - 0 runs, 1 hit, 0 errors, 1 left on base; San Antonio 2 - Mobile 2 |
TOP OF THE 7TH |
San Antonio Missions batting - Pitching for Mobile BayBears : RHP John Capparelli
|
Batting: RHB John Freeman
|
0-0: Called Strike 0-1: Ground out 6-3 (Groundball, 56D, EV 81.9 MPH)
|
Batting: RHB Jaden Scott
|
0-0: Ball 1-0: Swinging Strike 1-1: Swinging Strike 1-2: Strikes out swinging
|
Batting: LHB Teko van de Sande
|
0-0: Foul Ball, location: 2F 0-1: Foul Ball, location: 2LF, Error on foul ball, E2 0-2: Foul Ball, location: 2F 0-2: Ground out 1-3 (Groundball, 13S, EV 69.4 MPH)
|
Top of the 7th over - 0 runs, 0 hits, 1 error, 0 left on base; San Antonio 2 - Mobile 2 |
BOTTOM OF THE 7TH |
Mobile BayBears batting - Pitching for San Antonio Missions : RHP Bill Jacobs
|
Batting: RHB Josh Burrows
|
0-0: Ball 1-0: Ball 2-0: Called Strike 2-1: Foul Ball, location: 2F 2-2: Strikes out looking
|
Batting: RHB Jeremy Adams
|
0-0: Called Strike 0-1: Called Strike 0-2: Foul Ball, location: 2F 0-2: Ball 1-2: Foul Ball, location: 2F 1-2: Ground out 6-3 (Groundball, 6, EV 80.6 MPH)
|
Pitching: LHP Ed Valdez
|
|
Batting: RHB Franklin Villanueva
|
0-0: Ball 1-0: Foul Ball, location: 2F 1-1: Foul Ball, location: 2F 1-2: Ball 2-2: Ball 3-2: SINGLE (Groundball, 6S, EV 66.2 MPH) (infield hit)
|
Batting: RHB Curt Barrett
|
0-0: Ball 1-0: Ball 2-0: Ball 3-0: Called Strike 3-1: Fielders Choice at 2nd, 6-4 (Groundball, 6, EV 78.1 MPH)
|
Bottom of the 7th over - 0 runs, 1 hit, 0 errors, 1 left on base; San Antonio 2 - Mobile 2 |
TOP OF THE 8TH |
San Antonio Missions batting - Pitching for Mobile BayBears : RHP John Capparelli
|
Batting: RHB Adrian Martinelli
|
0-0: Ball 1-0: Called Strike 1-1: Ball 2-1: Swinging Strike 2-2: SINGLE (Line Drive, 6MD, EV 97.5 MPH)
|
Pitching: LHP Heath Henderson
|
|
Batting: RHB Freddie Brown
|
0-0: Swinging Strike 0-1: Called Strike 0-2: Fielders Choice at 2nd, 5-4 (Groundball, 56, EV 93.1 MPH)
|
Batting: RHB Roberto Monzon
|
0-0: Fielders Choice at 2nd, 6-4 (Groundball, 6M, EV 106.2 MPH)
|
Batting: RHB Dave McBain
|
0-0: Called Strike 0-1: Foul Ball, location: 2F 0-2: Strikes out swinging
|
Top of the 8th over - 0 runs, 1 hit, 0 errors, 1 left on base; San Antonio 2 - Mobile 2 |
BOTTOM OF THE 8TH |
Mobile BayBears batting - Pitching for San Antonio Missions : LHP Ed Valdez
|
Batting: RHB Carlos Ballesteros
|
0-0: Called Strike 0-1: Ball 1-1: Ground out 5-3 (Groundball, 5L, EV 99.4 MPH)
|
Batting: LHB Koson Hirai
|
0-0: Ball 1-0: Called Strike 1-1: Called Strike 1-2: Foul Ball, location: 2F 1-2: Strikes out swinging
|
Batting: LHB Soo-yeon Kym
|
0-0: Called Strike 0-1: Ball 1-1: Ball 2-1: Ball 3-1: SOLO HOME RUN (Flyball, 78XD, EV 109.4 MPH), Distance : 405 ft
|
Batting: RHB Blake Beale
|
0-0: Ground out 6-3 (Groundball, 56, EV 96.9 MPH)
|
Bottom of the 8th over - 1 run, 1 hit, 0 errors, 0 left on base; San Antonio 2 - Mobile 3 |
TOP OF THE 9TH |
San Antonio Missions batting - Pitching for Mobile BayBears : LHP Heath Henderson
|
Pitching: RHP Edwin Martinez
|
|
Now at 1B: T.J. Duvall
|
|
Now in RF: Paul Schreiber
|
|
Batting: LHB Matt Patnaude
|
0-0: Ball 1-0: Ball 2-0: Ball 3-0: Called Strike 3-1: Ground out 4-3 (Groundball, 4, EV 103.1 MPH)
|
Batting: RHB Mike Maserang
|
0-0: Ball 1-0: Called Strike 1-1: Ball 2-1: Called Strike 2-2: Ball 3-2: Foul Ball, location: 2F 3-2: Ground out 2-3 (Groundball, 15S, EV 65.6 MPH)
|
Batting: RHB John Freeman
|
0-0: Ball 1-0: Ball 2-0: Foul Ball, location: 2F 2-1: Foul Ball, location: 2F 2-2: Strikes out swinging
|
Top of the 9th over - 0 runs, 0 hits, 0 errors, 0 left on base; San Antonio 2 - Mobile 3 |
|